 Dungeon Crawl Stone Soup version 0.31.0-4-g52a2dc7128 (webtiles) character file.

Game seed: 8486203648443003982

49 stipulation the Ruffian (level 3, 0/31 HPs)
             Began as a Ghoul Monk on Jan 23, 2024.
             Slain by a gnoll
             ... wielding a +0 halberd
              (10 damage)
             ... on level 2 of the Dungeon.
             The game lasted 00:00:41 (1056 turns).

stipulation the Ruffian (Ghoul Monk)                Turns: 1056, Time: 00:00:42

Health: 0/31       AC:  6    Str: 16    XL:     3   Next: 75%
Magic:  3/3        EV: 10    Int:  9    God:
Gold:   93         SH:  0    Dex: 11    Spells: 2/2 levels left

rFire   . .          .
                       - Unarmed
rCold   + . .        c - orb {light}
rNeg    + + +        j - +0 scale mail
rPois   ∞            (no helmet)
rElec   .            (no cloak)
rCorr   .            (no gloves)
SInv    .            (no boots)
Will    .....        (no amulet) Stlth
                     (no ring)
HPRegen 0.00/turn    (no ring)
MPRegen 0.08/turn

%: no passive effects
@: inhibited regen, glowing
A: claws 1, cold resistance 1, negative energy resistance 3, inhibited
regeneration, torment resistance 2, devour on kill
a: no special abilities


You were on level 2 of the Dungeon.
You visited 1 branch of the dungeon, and saw 2 of its levels.

You collected 93 gold pieces.

Inventory:

Armour
 a - a +0 robe
 c - an orb of light (worn)
 j - a +0 scale mail (worn)
Scrolls
 e - a scroll of revelation {unknown}
 f - 2 scrolls of fear {unknown}
 g - a scroll of silence {unknown}
 h - 2 scrolls of poison
 i - 2 scrolls of immolation {unknown}
 k - a scroll of blinking {unknown}
Potions
 b - a potion of ambrosia
 d - a potion of degeneration {unknown}
 l - 2 potions of magic {unknown}


   Skills:
 - Level 3.2 Fighting
 - Level 2.6 Dodging
 + Level 5.0 Unarmed Combat


You had 2 spell levels left.
You didn't know any spells.
Your spell library was empty.

Dungeon Overview and Level Annotations

Branches:
Dungeon (2/15)

Altars:


Innate Abilities, Weirdness & Mutations

You are immune to poison.
You have sharp fingernails.
Your flesh is cold resistant. (rC+)
You are immune to negative energy. (rN+++)
You do not regenerate when monsters are visible.
You are immune to unholy pain and torment.
You thrive by killing the living.


Message History

No target in view!
No target in view!
No target in view!
Things that are here:
a +0 short sword; 4 stones; a kobold corpse A frilled lizard comes into view.
The frilled lizard hisses angrily.
A frilled lizard is nearby!
A gnoll comes into view. It is wielding a +2 spear of venom.
The gnoll shouts!
You hear a shout! x3
A gnoll comes into view. It is wielding a +0 halberd.
An endoplasm and a gnoll come into view.
The endoplasm quivers.
The frilled lizard bites you but does no damage.
You claw the frilled lizard!
You kill the frilled lizard!
A gnoll comes into view. It is wielding a +0 club.
The gnoll closely misses you. The gnoll hits you with a +0 halberd!
You see here a frilled lizard corpse.
You scratch the gnoll.
The gnoll is heavily wounded.
The gnoll hits you from afar with a +0 spear.
The gnoll barely misses you.
You are too injured to fight recklessly!
You are too injured to fight recklessly!
You are too injured to fight recklessly!
You are too injured to fight recklessly!
You are too injured to fight recklessly!
You are too injured to fight recklessly!
You are too injured to fight recklessly!
You are too injured to fight recklessly!
Okay, then.
The air fills with toxic fumes!
As you read the scroll labelled JUGRADGHIFA, it crumbles to dust.
It was a scroll of poison.
The gnoll hits you from afar with a +0 spear.
The gnoll barely misses you. The gnoll hits you with a +0 halberd!
The gnoll hits you with a +0 halberd.
The gnoll hits you from afar with a +0 halberd!
You die...

§§§§+ .§§§##
.§§§# §J§§#
#gg§# #§§§#
#†g§# #§§§#
########@§§#
###
#......§§§§#
..#
#......§####
..##
#.....§§#
...#
#.....§§#####
...#
#....§§§....#
##.#
#...........#
##.#
#######.....#
.#.# #)....#


You could see 3 gnolls and an endoplasm.

Vanquished Creatures
  An adder (D:2)
  A dart slug (D:1)
  4 orcs (D:2)
  4 endoplasms
  4 hobgoblins
  5 kobolds
  6 ball pythons (D:1)
  A bat (D:2)
  7 frilled lizards
  A rat (D:1)
34 creatures vanquished.

Notes
Turn   | Place    | Note
-------+----------+-------------------------------------------
     0 | D:1      | stipulation the Ghoul Monk began the quest for the Orb.
     0 | D:1      | Reached XP level 1. HP: 19/19 MP: 1/1
   108 | D:1      | Reached XP level 2. HP: 26/26 MP: 2/2
   312 | D:1      | Reached skill level 4 in Unarmed Combat
   818 | D:1      | Reached XP level 3. HP: 31/31 MP: 3/3
  1022 | D:2      | Reached skill level 5 in Unarmed Combat
  1056 | D:2      | Slain by a gnoll

Illustrated notes

Levels and vault maps discovered:
D:1:      scummos_arrival_star, layout_basic, minmay_pentomino_q2
D:2:      layout_basic, shapermc_ecumenical_altar_rom_forum

Skill      XL: |  1  2  3 |
---------------+----------+-----
Unarmed Combat | 4 5 |  5.0
Fighting       | |  3.2
Dodging        | |  2.6

Action                     || total
---------------------------++-------
  Melee: Unarmed           ||    65
    Use: Scroll            ||     1
 Armour: Robe              ||    13
         Scale mail        ||    22
  Dodge: Dodged            ||    38
